kba, lawful male human Samurai ------------ ---------- |..........| |........| |..........| #.(.......| |..........| #q#--|------- |..........| @ ###### |....<.....|### # |..........|# #####0 ----.-------# -------# # #### |......# # # |....>|########## # # |.....|# -----## # # |.....| |...+## # # ------- |..<|## # # |...|# # # |.{.|# -|----# +....# |....|# ----- |..{..# ------ kba the Ninja Experience level: 7 Strength: 14 Dexterity: 12 Constitution: 18 Intelligence: 11 Wisdom: 8 Charisma: 7 Health: 0(67) Energy: 11(21) AC: 4 Gold: 591 Moves: 3714 Your Inventory: Coins $ - 591 gold pieces Weapons a - an uncursed +0 katana (wielded in other hand) b - an uncursed +3 wakizashi (weapon in hand) c - an uncursed +0 yumi d - 18 uncursed +0 ya (in quiver) y - 6 [uncursed +0] darts R - an [uncursed +0] dagger [of stealth] Armor e - an uncursed rustproof +0 splint mail (being worn) Comestibles i - an uncursed [stale] egg n - an [uncursed] tin [of spinach] N - an [uncursed] partly eaten gunyoki Scrolls v - 2 [uncursed] scrolls labeled PHOL ENDE WODAN [of identify] G - a [cursed] scroll labeled PHOL ENDE WODAN [of identify] I - an [uncursed] scroll labeled GNIK SISI VLE [of food detection] Spellbooks f - an uncursed spellbook of slow monster Tools m - an uncursed [tin] whistle p - an uncursed key [skeleton key] Q - an [uncursed] can of grease [0:5] V - an [uncursed tin] whistle Gems w - 2 [uncursed] yellowish brown gems [worthless glass] Y - an [uncursed] rock Spells known in the end: Name Level Category Fail Memory a - slow monster 2 enchantment 100% [||||||||] Your skills at the end: Fighting Skills martial arts [Basic] Weapon Skills short sword [Basic] long sword [Basic] bow [Basic] Spellcasting Skills Final Attributes: You were piously aligned. Hunger level was 403. Your alignment was 28 / 28. Monster difficulty range was 1 - 7. Level difficulty was 7. You resisted cold. You resisted poison. You were telepathic. You were fast. You were wielding two weapons at once. Your luck was zero. You are dead. Vanquished creatures: a spotted jelly an orc mummy 2 dingos a blue jelly a snake an enormous rat a rock mole a fog cloud a yellow light 2 gnome lords a gray ooze 3 giant ants 2 little dogs 3 floating eyes 2 homunculi a kobold shaman a giant bat 6 orc zombies a dwarf zombie a wererat 3 iguanas an acid blob a gas spore a hobgoblin 3 cave spiders a yellow mold 5 gnomes 10 garter snakes 3 gnome zombies a gecko 8 jackals a fox a kobold 8 grid bugs a lichen 7 newts 88 creatures vanquished. Voluntary challenges: You used a wielded weapon 92 times. You read items or engraved 3 times. You put on armor 1 time. You never genocided any monsters. You never polymorphed an object. You never changed form. You used no wishes. You never wrote Elbereth's name. You encountered 1 bones level. You never used any Sokoban shortcuts. Dungeon overview: The Dungeons of Doom: levels 1 to 7 Level 1 some fountains a long staircase Level 2 a long staircase Level 3 a general store, an altar to Amaterasu Omikami Level 4 a fountain, a sink Level 5 some fountains Level 6 many fountains Level 7 <- You were here some fountains stairs to Sokoban Sokoban: Level 6 a magic chest stairs to The Dungeons of Doom History has recorded: On T:1 you entered the Dungeons of Doom to retrieve the Amulet of Yendor! On T:364 you reached level 2 of The Dungeons of Doom. On T:520 you reached level 3 of The Dungeons of Doom. On T:561 you advanced to experience level 2. On T:640 you advanced to experience level 3. On T:1219 you advanced to experience level 4. On T:1393 you advanced to experience level 5. On T:1562 you reached level 4 of The Dungeons of Doom. On T:1667 you advanced to experience level 6. On T:1927 you reached level 5 of The Dungeons of Doom. On T:2364 you advanced to experience level 7. On T:2628 you reached level 6 of The Dungeons of Doom. On T:3617 you reached level 7 of The Dungeons of Doom. On T:3688 you reached level 3 of Sokoban. Latest messages: Konnichi wa kba, the human Samurai, welcome back to DynaHack! Please move the cursor to an unknown object. A mumak on a lit corridor. Pick an object. Done. You don't have anything to zap. You fail to cast the spell correctly. You fail to cast the spell correctly. The mumak butts! You die... Final status: Sayonara kba the Samurai... You died in The Dungeons of Doom on dungeon level 7 with 832 points, and 591 pieces of gold, after 3714 moves. You were level 7 with a maximum of 67 hit points when you died.